 Dungeon Crawl Stone Soup version 0.27.1-34-g3ba077fa99 (webtiles) character file.

Game seed: 5139799578337738979

1505 lonewolfV2 the Covered (level 8, -1/70 HPs)
             Began as a Minotaur Fighter on Jan 6, 2022.
             Killed by divine providence
             ... invoked by an orc priest
              (12 damage)
             ... on level 6 of the Dungeon.
             The game lasted 00:10:27 (5720 turns).

lonewolfV2 the Covered (Minotaur Fighter)           Turns: 5720, Time: 00:10:27

Health: -1/70      AC: 11    Str: 22    XL:     8   Next: 52%
Magic:  7/7        EV: 11    Int:  5    God:
Gold:   276        SH:  0    Dex: 11    Spells: 7/7 levels left

rFire    + . .     SeeInvis .   d - +3 quarterstaff (chaos)
rCold    x . .     Faith    .   (shield currently unavailable)
rNeg     . . .     Spirit   .   b - +0 scale mail
rPois    .         Reflect  .   (helmet restricted)
rElec    .         Harm     .   f - +2 cloak
rCorr    .         Rampage  .   (no gloves)
Will     .....                  (no boots)
Stlth    ..........             (no amulet)
HPRegen  0.21/turn              e - ring of fire
MPRegen  0.10/turn              (no ring)

@: no status effects
A: horns 2, retaliatory headbutt
a: no special abilities


You were on level 6 of the Dungeon.
You visited 1 branch of the dungeon, and saw 6 of its levels.

You collected 276 gold pieces.

Inventory:

Hand Weapons
 a - a +0 war axe
 d - a +3 quarterstaff of chaos (weapon)
Armour
 b - a +0 scale mail (worn)
 c - a +1 kite shield
 f - a +2 cloak (worn)
Jewellery
 e - a ring of fire (left hand)
Wands
 l - a wand of mindburst (15)
 m - a wand of paralysis (4)
Scrolls
 i - a scroll of amnesia
 k - a scroll of blinking {unknown}
 o - a scroll of enchant armour
Potions
 h - a potion of mutation {unknown}
 j - 3 potions of brilliance
 n - a potion of lignification
 p - a potion of flight {unknown}
 q - a potion of curing


   Skills:
 + Level 5.7 Fighting
 + Level 5.0 Axes
 + Level 6.3 Staves
 + Level 7.7 Armour
 + Level 3.4 Dodging
 + Level 1.9 Stealth
 + Level 4.6 Shields


You had 7 spell levels left.
You didn't know any spells.
Your spell library contained the following spells:

 Spells                   Type           Power      Damage    Failure   Level
 Animate Skeleton         Necr           0%         N/A       77%         1
 Pain                     Necr           0%         1d4       77%         1
 Vampiric Draining        Necr           0%         2d6       98%         3


Dungeon Overview and Level Annotations

Branches:
Dungeon (6/15)             Temple (0/1) D:6

Altars:
Hepliaklqana
Wu Jian

Shops:
D:2 [


Innate Abilities, Weirdness & Mutations

You have a pair of horns on your head.
You reflexively headbutt those who attack you in melee.


Message History

Beogh smites you!
* * * LOW HITPOINT WARNING * * *
The orc barely misses you. You furiously retaliate!
You headbutt the orc.
You feel much better. The bullfrog completely misses you.
The orc priest barely misses you. You furiously retaliate!
You headbutt the orc priest, but do no damage.
The bullfrog hits you!
You barely miss the bullfrog.
The bullfrog hits you but does no damage.
The orc priest hits you with a +0 short sword.
The orc hits you but does no damage.
You sock the bullfrog! You burn the bullfrog.
You kill the bullfrog!
The orc priest misses you. x2; The orc misses you.
You hit the orc.
The orc flickers and vanishes!
Deactivating autopickup; reactivate with Ctrl-A.
The orc priest invokes the aid of Beogh against you.
Beogh smites you!
* * * LOW HITPOINT WARNING * * *
The orc priest hits you but does no damage.
Something hits you.
* * * LOW HITPOINT WARNING * * *
The orc hits you with a +0 dagger.
* * * LOW HITPOINT WARNING * * *
You miss something. The orc priest barely misses you.
The orc priest hits you with a +0 mace.
* * * LOW HITPOINT WARNING * * *
Something completely misses you. The orc barely misses you.
You sock the orc! You burn the orc.
You kill the orc!
The orc priest hits you but does no damage.
Something hits you but does no damage. The orc priest barely misses you.
The orc priest hits you but does no damage.
Things that are here:
a +0 dagger; a +0 leather armour; an orc corpse
There is a stone staircase leading up here.
The orc priest hits you but does no damage.
The orc priest calls down the wrath of Beogh upon you.
Beogh smites you!
You die...

# #...# #.## #. #..[# ##...
#.# #..<# #.... #.### #...#
#.#.# #... #...# #.#.#
##..#####...########.#.#
##....)...........(.#.#.#
#....).o.................
....#...{o@............##.#
..# ##.#####...#######.##.#
. ... #...# #.##.. #.###
#...# #.##.. #. #...#
#.##.. ##.## #...# #.##..
##888## #...#######.##..
###8...8###
#.#......##.....
...8.>....#
##.#......######


You could see 2 orc priests.

Vanquished Creatures
  A water moccasin (D:5)
  Duvessa (D:6)
  2 ogres
  2 necrophages
  2 phantoms
  A bullfrog (D:6)
  3 scorpions (D:5)
  Dowan (D:6)
  A jelly (D:6)
  Crazy Yiuf (D:3)
  3 orc priests
  2 hounds
  A centaur skeleton (D:5)
  A scorpion zombie (D:5)
  2 orc wizards (D:4)
  3 gnolls (D:3)
  A howler monkey skeleton (D:4)
  7 adders
  A white imp (D:6)
  An ufetubus (D:4)
  A dart slug (D:1)
  10 orcs
  9 endoplasms
  4 giant cockroaches
  4 goblins
  12 hobgoblins
  3 jackals (D:1)
  3 quokkas
  8 ball pythons
  5 bats
  3 frilled lizards
  4 kobolds
  9 rats
112 creatures vanquished.

Notes
Turn   | Place    | Note
-------+----------+-------------------------------------------
     0 | D:1      | lonewolfV2 the Minotaur Fighter began the quest for the
                  | Orb.
     0 | D:1      | Reached XP level 1. HP: 19/19 MP: 0/0
   247 | D:1      | Reached XP level 2. HP: 27/27 MP: 1/1
   277 | D:1      | Found a faded altar of an unknown god.
   777 | D:1      | Reached XP level 3. HP: 33/33 MP: 2/2
   859 | D:1      | Reached skill level 4 in Armour
  1016 | D:2      | Found Rogamm's Armour Shoppe.
  1530 | D:3      | Reached XP level 4. HP: 40/40 MP: 3/3
  1977 | D:3      | Reached skill level 1 in Dodging
  2662 | D:3      | Reached XP level 5. HP: 29/46 MP: 4/4
  2864 | D:3      | Found a hazy altar of Hepliaklqana.
  3060 | D:3      | Found a runed translucent door.
  3061 | D:3      | Noticed Crazy Yiuf
  3451 | D:3      | Killed Crazy Yiuf
  3452 | D:3      | Reached skill level 5 in Armour
  3829 | D:4      | Noticed a necrophage
  3877 | D:4      | Killed a necrophage
  3878 | D:4      | Reached skill level 1 in Staves
  3878 | D:4      | Reached XP level 6. HP: 31/53 MP: 5/5
  3929 | D:4      | Reached skill level 5 in Axes
  4284 | D:5      | Entered Level 5 of the Dungeon
  4306 | D:5      | Found an ornate altar of the Wu Jian Council.
  4319 | D:5      | Reached skill level 6 in Armour
  4319 | D:5      | Reached skill level 1 in Stealth
  4484 | D:5      | Noticed a water moccasin
  4489 | D:5      | Killed a water moccasin
  4490 | D:5      | Reached XP level 7. HP: 60/60 MP: 6/6
  4782 | D:5      | Reached skill level 5 in Fighting
  5048 | D:5      | Reached skill level 7 in Armour
  5306 | D:6      | Reached XP level 8. HP: 43/68 MP: 7/7
  5573 | D:6      | Found a staircase to the Ecumenical Temple.
  5588 | D:6      | Reached skill level 5 in Staves
  5685 | D:6      | Noticed Dowan
  5685 | D:6      | Noticed Duvessa
  5696 | D:6      | Killed Duvessa
  5702 | D:6      | Killed Dowan
  5720 | D:6      | Killed from afar by an orc priest

Illustrated notes

Levels and vault maps discovered:
D:1:      dpeg_arrival_windows_large_door, layout_loops_ring,
          basic_ecumenical_altar, st_stairs_3,
          wander_ebering_terrifying_dragon_lair
D:2:      layout_basic, serial_shops, shop
D:3:      layout_loops_corners, mainiacjoe_overflow_alcove_4,
          minmay_goblin_kobold_house, uniq_crazy_yiuf_cottage
D:4:      layout_cave_pools, serial_glass, glass_columns_c, glass_columns_a
D:5:      layout_basic, kennysheep_mini_moat
D:6:      layout_loops_cross, chequers_temple_overflow_minitemple,
          minmay_temple_entry_statues, uniq_duvessa

Skill      XL: |  1  2  3  4  5  6  7  8 |
---------------+-------------------------+-----
Fighting       | 4 5 |  5.7
Axes           | 3 4 5 |  5.0
Shields        | 4 |  4.6
Armour         | 4 5 6 7 |  7.7
Dodging        | 1 2 3 |  3.4
Staves         | 1 2 4 6 |  6.3
Stealth        | 1 |  1.9

Action                   |  1- 3 |  4- 6 |  7- 9 || total
-------------------------+-------+-------+-------++-------
Melee: War axe           |    71 |    67 |       ||   138
       Headbutt          |     7 |    14 |    18 ||    39
       Quarterstaff      |       |    70 |    63 ||   133
  Use: Scroll            |     5 |     6 |       ||    11
       Potion            |       |     5 |     2 ||     7
 Stab: Petrified         |       |     3 |       ||     3
Armor: Scale mail        |    65 |   124 |    56 ||   245
Dodge: Dodged            |    37 |    86 |    64 ||   187
Block: Kite shield       |    58 |    53 |       ||   111
